Little Stars vs Phantoms
Created - May 12, 2022 at 23:00
Goals
|
| Little Stars |
2 |
3 |
0 |
5 |
| Phantoms |
0 |
0 |
1 |
1 |
|
Shots
|
| Little Stars |
12 |
18 |
9 |
39 |
| Phantoms |
11 |
5 |
13 |
29 |
|
1st period
1. Little Stars , Ilya Mikheyev 38 (Jordan LaVallee 47, Anton Cederholm 29) at 14:39
2. Little Stars , Jordan LaVallee 38 (Ilya Mikheyev 39, Adam Tambellini 30) at 16:42
Penalties :
No Penalty
2nd period
3. Little Stars , Matt Luff 7 (Roman Horak 17, Ilya Mikheyev 40) at 14:17
4. Little Stars , Daniel O'regan 28 (Jordan LaVallee 48, Ilya Mikheyev 41) at 18:01 (PP)
5. Little Stars , Henrik Borgstrom 18 (Adam Tambellini 31, Sebastian Wannstrom 26) at 19:24
Penalties :
Jake Dotchin (Leh) for Tripping (Minor) at 14:58, Reid McNeill (Leh) for Cross-checking (Minor) at 17:54
3rd period
6. Phantoms , Calle Jarnkrok 29 (Reid McNeill 13, Michael Bournival 28) at 8:05
Penalties :
Reid McNeill (Leh) for Unsportsmanlike conduct (Minor) at 2:05, Alex DeBrincat (Leh) for Fighting (Major) at 16:19, Sebastian Wannstrom (Tex) for Fighting (Major) at 16:19, Alex DeBrincat (Leh) for instigated a fight (Minor) at 16:19, Alex DeBrincat (Leh) for instigated a fight (10 Minutes Misconduct) at 16:19
Goalie Stats
Connor Knapp (Tex), 28 saves from 29 shots - (0.966), W, 20-14-4, 60:00 minutes
Zachary Fucale (Leh), 34 saves from 39 shots - (0.872), L, 5-8-0, 60:00 minutes
Players Stats for Little Stars
Player Name G A P +/- PIM S H SB GA TA FO MP PP MP PK MP
------------------------------------------------------------------------------------
Adam Tambellini 0 2 2 1 0 4 0 0 0 1 0/1 18:50 2:43 0:00
Anton Cederholm 0 1 1 1 0 2 1 0 0 4 0/0 21:42 2:20 0:00
Daniel O'regan 1 0 1 1 0 7 0 1 1 2 14/31 21:36 3:15 0:00
Daniil Tarasov 0 0 0 0 0 2 2 0 1 0 0/0 12:47 0:49 0:00
Eric Knodel 0 0 0 0 0 0 1 1 0 1 0/0 28:17 3:45 0:00
Frederic Allard 0 0 0 1 0 0 1 1 0 1 0/0 15:36 0:08 0:00
Henrik Borgstrom 1 0 1 1 0 2 5 0 0 0 8/17 18:50 2:43 0:00
Ilya Mikheyev 1 3 4 1 0 5 0 0 0 0 1/3 21:17 3:13 0:00
Jason Dickinson 0 0 0 0 0 3 1 0 0 0 1/6 12:19 0:21 0:00
Joakim Nygard 0 0 0 0 0 0 0 0 1 0 0/0 12:06 0:08 0:00
Jordan LaVallee 1 2 3 1 0 7 0 0 0 0 1/3 21:17 3:13 0:00
Matt Luff 1 0 1 1 0 1 2 0 0 0 0/0 7:47 0:00 0:00
Michael Mersch 0 0 0 1 0 1 0 0 0 0 0/0 7:50 0:00 0:00
Reece Willcox 0 0 0 2 0 1 0 0 0 0 0/0 18:40 2:49 0:00
Roman Horak 0 1 1 1 0 2 3 0 1 0 2/3 7:47 0:00 0:00
Sebastian Wannstrom 0 1 1 1 5 2 6 0 0 1 0/1 17:33 1:47 0:00
Tucker Poolman 0 0 0 1 0 0 0 2 0 0 0/0 20:49 2:58 0:00
Ville Pokka 0 0 0 1 0 0 2 1 0 1 0/0 14:56 0:08 0:00
Players Stats for Phantoms
Player Name G A P +/- PIM S H SB GA TA FO MP PP MP PK MP
------------------------------------------------------------------------------------
A.J. Greer 0 0 0 0 0 0 0 0 0 0 0/0 1:27 0:00 1:22
Alex DeBrincat 0 0 0 -3 17 2 0 0 3 0 1/1 15:39 0:00 0:00
Anthony Angello 0 0 0 0 0 0 0 0 0 0 0/0 0:09 0:00 0:04
Blake Heinrich 0 0 0 -1 0 0 1 0 0 0 0/0 15:39 0:00 3:19
Brendan Leipsic 0 0 0 0 0 0 0 0 0 0 0/1 1:12 0:00 0:00
Brenden Kichton 0 0 0 0 0 0 1 0 0 0 0/0 8:52 0:00 1:16
Calle Jarnkrok 1 0 1 0 0 2 1 2 3 1 21/36 25:16 0:00 3:02
Cristoval Nieves 0 0 0 0 0 5 0 0 1 0 3/4 14:11 0:00 0:00
David Kampf 0 0 0 0 0 0 0 0 0 0 0/1 4:29 0:00 0:00
Devon Teows 0 0 0 -1 0 1 2 0 0 0 0/0 13:53 0:00 2:53
Erik Nystrom 0 0 0 0 0 2 0 0 1 0 0/0 6:06 0:00 0:00
Ivan Provorov 0 0 0 -1 0 0 1 1 0 0 0/0 12:43 0:00 1:05
Jake Dotchin 0 0 0 -1 2 0 0 1 0 1 0/0 24:12 0:00 1:57
Laurent Dauphin 0 0 0 0 0 0 1 0 0 0 0/0 1:26 0:00 1:24
Lucas Wallmarkk 0 0 0 0 0 1 0 0 0 0 0/1 2:09 0:00 0:00
Mark Alt 0 0 0 0 0 0 1 1 0 0 0/0 3:42 0:00 0:00
Michael Bournival 0 1 1 0 0 2 2 2 1 0 3/6 20:32 0:00 2:56
Mikko Lehtonen 0 0 0 -1 0 1 0 0 0 0 0/0 11:21 0:00 0:00
Morgan Klimchuk 0 0 0 0 0 4 0 0 0 0 0/0 14:11 0:00 0:00
Nick Shore 0 0 0 -3 0 3 2 0 0 1 8/12 15:56 0:00 0:00
Nick Sorensen 0 0 0 0 0 0 0 0 0 0 0/0 14:11 0:00 0:00
Reid McNeill 0 1 1 -1 4 3 2 2 0 1 0/0 23:38 0:00 1:38
Rinat Valiev 0 0 0 0 0 0 0 0 0 0 0/0 6:02 0:00 0:00
Sven Andrighetto 0 0 0 -3 0 1 1 0 0 0 1/2 17:38 0:00 1:40
Travis Konecny 0 0 0 0 0 2 2 0 2 0 1/1 19:18 0:00 1:40
3 Stars
1 - Ilya Mikheyev (Tex)
2 - Jordan LaVallee (Tex)
3 - Connor Knapp (Tex)
Power Play
Little Stars - 1 on 4 Attempt(s) - 25.00%
Phantoms - 0 on 0 Attempt(s) - 0.00%
Penalty Kill
Little Stars - 0 on 0 Attempt(s) - 0.00%
- Score 0 goal in Penalty Kill
Phantoms - 3 on 4 Attempt(s) - 75.00%
- Score 0 goal in Penalty Kill
Team Stat
Little Stars - Hits : 24 - Faceoff Wins : 27 - Blocked Shots : 6 - Penalty Minutes : 5
Phantoms - Hits : 17 - Faceoff Wins : 38 - Blocked Shots : 9 - Penalty Minutes : 23
Official
Referees : Peter MacDougall and Garrett Rank
Linesman : Steve Miller and Devin Berg
Game Notes
Mark Alt is injured at 14:47 of 1st period (Sprained Right Knee)
Lucas Wallmarkk is injured at 18:00 of 1st period (Upper Body)
Ivan Provorov is injured at 2:10 of 3rd period (Left Knee)
Anton Cederholm is injured at 7:45 of 3rd period (Left Hip)
Alex DeBrincat and Sebastian Wannstrom fight to a draw at 16:19 of 3rd period
Finance
Level 1 -- Attendance: 1801 (90.05%) -- Ticket Income $63,035
Level 2 -- Attendance: 563 (56.30%) -- Ticket Income $11,260
Total Attendance: 2364 (78.80%)
Total Ticket Income: $74,295
Other Income: $3,715
Total Income: $78,010
Little Stars
5 vs 5 Forward
Center Left Wing Right Wing Time % Phy DF OF
1 Daniel O'regan Jordan LaVallee Ilya Mikheyev 40 1 2 2
2 Henrik Borgstrom Adam Tambellini Sebastian Wannstrom 30 1 2 2
3 Jason Dickinson Joakim Nygard Daniil Tarasov 20 1 2 2
4 Roman Horak Michael Mersch Matt Luff 10 1 2 2
5 vs 5 Defense
Defense Defense Time % Phy DF OF
1 Anton Cederholm Eric Knodel 40 1 2 2
2 Reece Willcox Tucker Poolman 30 1 2 2
3 Ville Pokka Frederic Allard 20 1 2 2
4 Anton Cederholm Eric Knodel 10 1 2 2
PowerPlay Forward
Center Left Wing Right Wing Time % Phy DF OF
1 Daniel O'regan Jordan LaVallee Ilya Mikheyev 60 1 2 2
2 Henrik Borgstrom Adam Tambellini Sebastian Wannstrom 40 1 2 2
PowerPlay Defense
Defense Defense Time % Phy DF OF
1 Anton Cederholm Eric Knodel 60 1 2 2
2 Reece Willcox Tucker Poolman 40 1 2 2
Penalty Kill 4 Players Forward
Center Wing Time % Phy DF OF
1 Daniel O'regan Jordan LaVallee 60 1 2 2
2 Henrik Borgstrom Adam Tambellini 40 1 2 2
Penalty Kill 4 Players Defense
Defense Defense Time % Phy DF OF
1 Anton Cederholm Eric Knodel 60 1 2 2
2 Reece Willcox Tucker Poolman 40 1 2 2
Penalty Kill - 3 Players Forward
Forward Time % Phy DF OF
1 Daniel O'regan 60 1 2 2
2 Henrik Borgstrom 40 1 2 2
Penalty Kill - 3 Players Defense
Defense Defense Time % Phy DF OF
1 Anton Cederholm Eric Knodel 60 1 2 2
2 Reece Willcox Tucker Poolman 40 1 2 2
4 vs 4 Forward
Center Wing Time % Phy DF OF
1 Daniel O'regan Jordan LaVallee 60 1 2 2
2 Henrik Borgstrom Adam Tambellini 40 1 2 2
4 vs 4 Defense
Defense Defense Time % Phy DF OF
1 Anton Cederholm Eric Knodel 60 1 2 2
2 Reece Willcox Tucker Poolman 40 1 2 2
Last Minutes Offensive
Center Left Wing Right Wing Defense Defense
Daniel O'regan Jordan LaVallee Ilya Mikheyev Anton Cederholm Eric Knodel
Last Minutes Defensive
Center Left Wing Right Wing Defense Defense
Daniel O'regan Jordan LaVallee Ilya Mikheyev Anton Cederholm Eric Knodel
Goaltenders
Starting : Connor Knapp
Backup : Dustin Tokarski
Extra Forwards
Normal : Daniel O'regan, Sebastian Wannstrom, Michael Mersch - PP : Daniel O'regan, Sebastian Wannstrom - PK : Daniel O'regan
Extra Defensemen
Normal : Tucker Poolman, Ville Pokka, Frederic Allard - PP : Tucker Poolman - PK : Tucker Poolman, Ville Pokka
Penalty Shots
Jordan LaVallee, Ilya Mikheyev, Adam Tambellini, Joakim Nygard, Daniel O'regan
Scratches
Emile Poirier (Healthy), Jean-Christophe Beaudin (Healthy), Justin Auger (Healthy), Lawrence Pilut (Healthy), Radel Fazleev (Healthy)
Rudolfs Balcers (Healthy), Shane Gersich (Healthy), Yakov Trenin (Healthy), Zach Budish (Torso Injury), Joey Anderson (Healthy)
Jonathan Dahlen (Healthy), Givani Smith (Healthy)
Phantoms
5 vs 5 Forward
Center Left Wing Right Wing Time % Phy DF OF
1 Calle Jarnkrok Michael Bournival Travis Konecny 40 1 2 2
2 Nick Shore Alex DeBrincat Sven Andrighetto 30 1 2 2
3 Cristoval Nieves Morgan Klimchuk Nick Sorensen 20 1 2 2
4 Lucas Wallmarkk Erik Nystrom Calle Jarnkrok 10 1 2 2
5 vs 5 Defense
Defense Defense Time % Phy DF OF
1 Reid McNeill Jake Dotchin 40 1 2 2
2 Ivan Provorov Mark Alt 30 1 2 2
3 Blake Heinrich Devon Teows 20 1 2 2
4 Brenden Kichton Rinat Valiev 10 1 2 2
PowerPlay Forward
Center Left Wing Right Wing Time % Phy DF OF
1 Calle Jarnkrok Michael Bournival Travis Konecny 60 1 2 2
2 Nick Shore Alex DeBrincat Sven Andrighetto 40 1 2 2
PowerPlay Defense
Defense Defense Time % Phy DF OF
1 Reid McNeill Jake Dotchin 60 1 2 2
2 Ivan Provorov Mark Alt 40 1 2 2
Penalty Kill 4 Players Forward
Center Wing Time % Phy DF OF
1 Calle Jarnkrok Michael Bournival 60 1 2 2
2 Travis Konecny Sven Andrighetto 40 1 2 2
Penalty Kill 4 Players Defense
Defense Defense Time % Phy DF OF
1 Reid McNeill Jake Dotchin 60 1 2 2
2 Ivan Provorov Mark Alt 40 1 2 2
Penalty Kill - 3 Players Forward
Forward Time % Phy DF OF
1 Calle Jarnkrok 60 1 2 2
2 Michael Bournival 40 1 2 2
Penalty Kill - 3 Players Defense
Defense Defense Time % Phy DF OF
1 Reid McNeill Jake Dotchin 60 1 2 2
2 Ivan Provorov Mark Alt 40 1 2 2
4 vs 4 Forward
Center Wing Time % Phy DF OF
1 Calle Jarnkrok Michael Bournival 60 1 2 2
2 Travis Konecny Sven Andrighetto 40 1 2 2
4 vs 4 Defense
Defense Defense Time % Phy DF OF
1 Reid McNeill Jake Dotchin 60 1 2 2
2 Ivan Provorov Mark Alt 40 1 2 2
Last Minutes Offensive
Center Left Wing Right Wing Defense Defense
Calle Jarnkrok Michael Bournival Travis Konecny Reid McNeill Jake Dotchin
Last Minutes Defensive
Center Left Wing Right Wing Defense Defense
Calle Jarnkrok Michael Bournival Travis Konecny Reid McNeill Jake Dotchin
Goaltenders
Starting : Zachary Fucale
Backup : Anton Forsberg
Extra Forwards
Normal : David Kampf, Brendan Leipsic, Laurent Dauphin - PP : David Kampf, Brendan Leipsic - PK : Laurent Dauphin
Extra Defensemen
Normal : Mikko Lehtonen, Blake Heinrich, Devon Teows - PP : Mikko Lehtonen - PK : Blake Heinrich, Devon Teows
Penalty Shots
Calle Jarnkrok, Michael Bournival, Travis Konecny, Sven Andrighetto, Alex DeBrincat
Scratches
Cooper Marody (Healthy), JC Lipon (Left Hand Injury), Brett Murray (Healthy), Matt Kiersted (Healthy), Riley Stillman (Healthy)
Jason Kasdorf (Healthy)
% Time on Ice - Little Stars
Lines # - Real PCT - Wanted PCT - Time Play
Normal Forward
1 - 33% - 40% - 18:04
2 - 30% - 30% - 16:08
3 - 22% - 20% - 11:57
4 - 14% - 10% - 7:47
Normal Defense
1 - 41% - 40% - 21:57
2 - 26% - 30% - 13:55
3 - 26% - 20% - 14:14
4 - 7% - 10% - 3:50
PP Forward
1 - 53% - 60% - 3:13
2 - 47% - 40% - 2:51
PP Defense
1 - 71% - 60% - 4:19
2 - 29% - 40% - 1:45
PK Forward
1 - 0% - 60%
2 - 0% - 40%
PK Defense
1 - 0% - 60%
2 - 0% - 40%
PK3 Forward
1 - 0% - 60%
2 - 0% - 40%
PK3 Defense
1 - 0% - 60%
2 - 0% - 40%
44 Forward
1 - 0% - 60%
2 - 0% - 40%
44 Defense
1 - 0% - 60%
2 - 0% - 40%
Last Minute Offensive - 0:00
Last Minute Defensive - 0:00
Total
Forward - 60:00
Defense - 60:00
|
% Time on Ice - Phantoms
Lines # - Real PCT - Wanted PCT - Time Play
Normal Forward
1 - 33% - 40% - 17:41
2 - 30% - 30% - 15:58
3 - 26% - 20% - 14:11
4 - 11% - 10% - 6:06
Normal Defense
1 - 39% - 40% - 21:11
2 - 33% - 30% - 18:00
3 - 17% - 20% - 9:03
4 - 11% - 10% - 5:42
PP Forward
1 - 0% - 60%
2 - 0% - 40%
PP Defense
1 - 0% - 60%
2 - 0% - 40%
PK Forward
1 - 73% - 60% - 4:24
2 - 27% - 40% - 1:40
PK Defense
1 - 40% - 60% - 2:26
2 - 60% - 40% - 3:38
PK3 Forward
1 - 0% - 60%
2 - 0% - 40%
PK3 Defense
1 - 0% - 60%
2 - 0% - 40%
44 Forward
1 - 0% - 60%
2 - 0% - 40%
44 Defense
1 - 0% - 60%
2 - 0% - 40%
Last Minute Offensive - 0:00
Last Minute Defensive - 0:00
Total
Forward - 60:00
Defense - 60:00
|
Play-by-Play
1st period
0:01 of 1st period - Daniel O'regan wins face-off versus Calle Jarnkrok in neutral zone.
0:12 of 1st period - Snap shot by Jordan LaVallee.
0:12 of 1st period - Stopped by Zachary Fucale without a rebound.
0:13 of 1st period - Nick Shore wins face-off versus Henrik Borgstrom in Phantoms zone.
0:38 of 1st period - Jason Dickinson is hit by Mark Alt and loses puck.
1:22 of 1st period - Michael Mersch is hit by Travis Konecny and loses puck.
1:57 of 1st period - Snap shot by Lucas Wallmarkk.
1:57 of 1st period - Stopped by Connor Knapp with a rebound.
2:50 of 1st period - Wrist shot by Adam Tambellini.
2:50 of 1st period - Stopped by Zachary Fucale without a rebound.
2:51 of 1st period - Calle Jarnkrok wins face-off versus Sebastian Wannstrom in Phantoms zone.
2:51 of 1st period - Calle Jarnkrok is hit by Sebastian Wannstrom.
2:57 of 1st period - Reece Willcox is hit by Michael Bournival and loses puck.
3:28 of 1st period - Tucker Poolman is hit by Sven Andrighetto and loses puck.
3:39 of 1st period - Reece Willcox is hit by Reid McNeill and loses puck.
3:59 of 1st period - Off-side.
4:00 of 1st period - Henrik Borgstrom wins face-off versus Calle Jarnkrok in neutral zone.
4:27 of 1st period - Anton Cederholm is hit by Nick Shore and loses puck.
4:51 of 1st period - Slapshot by Morgan Klimchuk.
4:51 of 1st period - Stopped by Connor Knapp with a rebound.
4:53 of 1st period - Wrist shot by Blake Heinrich.
4:53 of 1st period - Shot Misses the Net.
4:55 of 1st period - Slapshot by Devon Teows.
4:55 of 1st period - Stopped by Connor Knapp without a rebound.
4:56 of 1st period - Daniel O'regan wins face-off versus Calle Jarnkrok in Little Stars zone.
5:28 of 1st period - Jake Dotchin is hit by Henrik Borgstrom and loses puck.
5:51 of 1st period - Snap shot by Cristoval Nieves.
5:51 of 1st period - Shot Misses the Net.
5:57 of 1st period - Jake Dotchin is hit by Anton Cederholm and loses puck.
6:12 of 1st period - Wrist shot by Calle Jarnkrok.
6:12 of 1st period - Stopped by Connor Knapp with a rebound.
6:14 of 1st period - Wrist shot by Reid McNeill.
6:14 of 1st period - Shot Misses the Net.
6:28 of 1st period - Wrist shot by Nick Shore.
6:28 of 1st period - Stopped by Connor Knapp without a rebound.
6:29 of 1st period - Nick Shore wins face-off versus Daniel O'regan in Little Stars zone.
6:35 of 1st period - Off-side.
6:36 of 1st period - Calle Jarnkrok wins face-off versus Daniel O'regan in neutral zone.
7:15 of 1st period - Nick Shore is hit by Sebastian Wannstrom.
7:51 of 1st period - Snap shot by Michael Mersch.
7:51 of 1st period - Shot Misses the Net.
8:12 of 1st period - Wrist shot by Jordan LaVallee.
8:12 of 1st period - Stopped by Zachary Fucale with a rebound.
8:37 of 1st period - Slapshot by Adam Tambellini.
8:37 of 1st period - Shot Blocked by Calle Jarnkrok.
9:01 of 1st period - Wrist shot by Jason Dickinson.
9:01 of 1st period - Stopped by Zachary Fucale without a rebound.
9:02 of 1st period - Cristoval Nieves wins face-off versus Daniel O'regan in Phantoms zone.
9:54 of 1st period - Wrist shot by Jason Dickinson.
9:54 of 1st period - Stopped by Zachary Fucale with a rebound.
9:56 of 1st period - Wrist shot by Joakim Nygard.
9:56 of 1st period - Deflect By Calle Jarnkrok.
9:56 of 1st period - Shot Misses the Net.
9:56 of 1st period - Puck is out of play.
9:57 of 1st period - Michael Bournival wins face-off versus Daniel O'regan in Phantoms zone.
10:31 of 1st period - Wrist shot by Alex DeBrincat.
10:31 of 1st period - Stopped by Connor Knapp with a rebound.
11:34 of 1st period - Snap shot by Daniel O'regan.
11:34 of 1st period - Shot Misses the Net.
12:00 of 1st period - Wrist shot by Cristoval Nieves.
12:00 of 1st period - Shot Blocked by Tucker Poolman.
12:02 of 1st period - Snap shot by Nick Sorensen.
12:02 of 1st period - Shot Misses the Net.
12:04 of 1st period - Snap shot by Cristoval Nieves.
12:04 of 1st period - Stopped by Connor Knapp with a rebound.
12:14 of 1st period - Reece Willcox is hit by Ivan Provorov and loses puck.
12:55 of 1st period - Off-side.
12:56 of 1st period - Nick Shore wins face-off versus Daniel O'regan in neutral zone.
13:04 of 1st period - Icing by Eric Knodel.
13:05 of 1st period - Daniel O'regan wins face-off versus Nick Shore in Little Stars zone.
13:10 of 1st period - Wrist shot by Jordan LaVallee.
13:10 of 1st period - Stopped by Zachary Fucale with a rebound.
13:12 of 1st period - Wrist shot by Daniel O'regan.
13:12 of 1st period - Stopped by Zachary Fucale with a rebound.
14:23 of 1st period - Slapshot by Nick Shore.
14:23 of 1st period - Shot Misses the Net.
14:33 of 1st period - Wrist shot by Jordan LaVallee.
14:33 of 1st period - Stopped by Zachary Fucale with a rebound.
14:35 of 1st period - Slapshot by Anton Cederholm.
14:35 of 1st period - Stopped by Zachary Fucale with a rebound.
14:37 of 1st period - Wrist shot by Jordan LaVallee.
14:37 of 1st period - Shot Blocked by Reid McNeill.
14:39 of 1st period - Snap shot by Ilya Mikheyev.
14:39 of 1st period - Deflect By Nick Shore.
14:39 of 1st period - Goal by Ilya Mikheyev - Little Stars : 1 - Phantoms : 0.
14:40 of 1st period - Henrik Borgstrom wins face-off versus Calle Jarnkrok in neutral zone.
14:47 of 1st period - Wrist shot by Sebastian Wannstrom.
14:47 of 1st period - Shot Blocked by Mark Alt.
14:47 of 1st period - Mark Alt from Phantoms is injured at 14:47 of 1st period (Sprained Right Knee).
14:48 of 1st period - Michael Bournival wins face-off versus Henrik Borgstrom in Phantoms zone.
15:46 of 1st period - Snap shot by Nick Shore.
15:46 of 1st period - Shot Misses the Net.
15:56 of 1st period - Reid McNeill is hit by Ville Pokka and loses puck.
16:42 of 1st period - Slapshot by Jordan LaVallee.
16:42 of 1st period - Deflect By Alex DeBrincat.
16:42 of 1st period - Goal by Jordan LaVallee - Little Stars : 2 - Phantoms : 0.
16:43 of 1st period - Calle Jarnkrok wins face-off versus Adam Tambellini in neutral zone.
17:51 of 1st period - Snap shot by Erik Nystrom.
17:51 of 1st period - Stopped by Connor Knapp without a rebound.
17:52 of 1st period - Roman Horak wins face-off versus Lucas Wallmarkk in Little Stars zone.
17:59 of 1st period - Lucas Wallmarkk is hit by Roman Horak and loses puck.
18:00 of 1st period - Lucas Wallmarkk from Phantoms is injured at 18:00 of 1st period (Upper Body).
18:01 of 1st period - Daniel O'regan wins face-off versus Calle Jarnkrok in Phantoms zone.
18:02 of 1st period - Snap shot by Ilya Mikheyev.
18:02 of 1st period - Shot Misses the Net.
18:04 of 1st period - Slapshot by Anton Cederholm.
18:04 of 1st period - Shot Misses the Net.
18:06 of 1st period - Slapshot by Anton Cederholm.
18:06 of 1st period - Deflect By Jordan LaVallee.
18:06 of 1st period - Stopped by Zachary Fucale without a rebound.
18:07 of 1st period - Daniel O'regan wins face-off versus Calle Jarnkrok in Phantoms zone.
18:36 of 1st period - Snap shot by Daniil Tarasov.
18:36 of 1st period - Deflect By Jason Dickinson.
18:36 of 1st period - Shot Misses the Net.
18:36 of 1st period - Puck is out of play.
18:37 of 1st period - Cristoval Nieves wins face-off versus Jason Dickinson in Phantoms zone.
18:46 of 1st period - Jason Dickinson is hit by Blake Heinrich and loses puck.
18:57 of 1st period - Snap shot by Morgan Klimchuk.
18:57 of 1st period - Stopped by Connor Knapp with a rebound.
18:59 of 1st period - Wrist shot by Blake Heinrich.
18:59 of 1st period - Shot Blocked by Frederic Allard.
19:01 of 1st period - Wrist shot by Morgan Klimchuk.
19:01 of 1st period - Shot Misses the Net.
19:09 of 1st period - Snap shot by Morgan Klimchuk.
19:09 of 1st period - Shot Misses the Net.
19:11 of 1st period - Snap shot by Morgan Klimchuk.
19:11 of 1st period - Stopped by Connor Knapp with a rebound.
19:15 of 1st period - Wrist shot by Cristoval Nieves.
19:15 of 1st period - Stopped by Connor Knapp with a rebound.
19:17 of 1st period - Snap shot by Nick Sorensen.
19:17 of 1st period - Deflect By Cristoval Nieves.
19:17 of 1st period - Shot Blocked by Ville Pokka.
19:17 of 1st period - Puck is out of play.
19:18 of 1st period - Henrik Borgstrom wins face-off versus Michael Bournival in Little Stars zone.
Goals for this period are 2 for Little Stars vs 0 for Phantoms.
Shots for this period are 12 for Little Stars vs 11 for Phantoms.
2nd period
0:01 of 2nd period - Daniel O'regan wins face-off versus Calle Jarnkrok in neutral zone.
0:10 of 2nd period - Wrist shot by Daniel O'regan.
0:10 of 2nd period - Stopped by Zachary Fucale without a rebound.
0:11 of 2nd period - Calle Jarnkrok wins face-off versus Henrik Borgstrom in Phantoms zone.
0:11 of 2nd period - Calle Jarnkrok is hit by Sebastian Wannstrom.
1:02 of 2nd period - Wrist shot by Cristoval Nieves.
1:02 of 2nd period - Stopped by Connor Knapp without a rebound.
1:03 of 2nd period - Cristoval Nieves wins face-off versus Jason Dickinson in Little Stars zone.
1:15 of 2nd period - Off-side.
1:16 of 2nd period - Daniel O'regan wins face-off versus Calle Jarnkrok in neutral zone.
2:08 of 2nd period - Slapshot by Morgan Klimchuk.
2:08 of 2nd period - Deflect By Cristoval Nieves.
2:08 of 2nd period - Stopped by Connor Knapp without a rebound.
2:09 of 2nd period - Travis Konecny wins face-off versus Daniel O'regan in Little Stars zone.
2:20 of 2nd period - Slapshot by Daniel O'regan.
2:20 of 2nd period - Stopped by Zachary Fucale with a rebound.
2:22 of 2nd period - Slapshot by Eric Knodel.
2:22 of 2nd period - Shot Blocked by Michael Bournival.
2:24 of 2nd period - Snap shot by Daniel O'regan.
2:24 of 2nd period - Stopped by Zachary Fucale with a rebound.
2:43 of 2nd period - Calle Jarnkrok is hit by Jason Dickinson and loses puck.
3:00 of 2nd period - Slapshot by Sebastian Wannstrom.
3:00 of 2nd period - Shot Misses the Net.
3:02 of 2nd period - Slapshot by Reece Willcox.
3:02 of 2nd period - Stopped by Zachary Fucale without a rebound.
3:03 of 2nd period - Nick Shore wins face-off versus Daniel O'regan in Phantoms zone.
3:10 of 2nd period - Snap shot by Ilya Mikheyev.
3:10 of 2nd period - Stopped by Zachary Fucale with a rebound.
3:33 of 2nd period - Snap shot by Cristoval Nieves.
3:33 of 2nd period - Shot Hit the Post.
4:05 of 2nd period - Eric Knodel is hit by Devon Teows and loses puck.
5:25 of 2nd period - Icing by Anton Cederholm.
5:26 of 2nd period - Nick Shore wins face-off versus Jason Dickinson in Little Stars zone.
5:51 of 2nd period - Reid McNeill is hit by Eric Knodel and loses puck.
6:18 of 2nd period - Wrist shot by Adam Tambellini.
6:18 of 2nd period - Shot Misses the Net.
6:20 of 2nd period - Snap shot by Sebastian Wannstrom.
6:20 of 2nd period - Shot Misses the Net.
6:40 of 2nd period - Wrist shot by Nick Shore.
6:40 of 2nd period - Stopped by Connor Knapp with a rebound.
7:25 of 2nd period - Jake Dotchin is hit by Roman Horak and loses puck.
7:36 of 2nd period - Snap shot by Cristoval Nieves.
7:36 of 2nd period - Stopped by Connor Knapp without a rebound.
7:37 of 2nd period - Daniel O'regan wins face-off versus Brendan Leipsic in Little Stars zone.
7:50 of 2nd period - Ilya Mikheyev is hit by Michael Bournival and loses puck.
8:10 of 2nd period - Wrist shot by Sebastian Wannstrom.
8:10 of 2nd period - Shot Hit the Post.
8:22 of 2nd period - Calle Jarnkrok is hit by Roman Horak.
9:22 of 2nd period - Icing by Reece Willcox.
9:23 of 2nd period - Calle Jarnkrok wins face-off versus Henrik Borgstrom in Little Stars zone.
9:30 of 2nd period - Snap shot by Travis Konecny.
9:30 of 2nd period - Shot Blocked by Tucker Poolman.
9:41 of 2nd period - Off-side.
9:42 of 2nd period - Nick Shore wins face-off versus Roman Horak in neutral zone.
10:15 of 2nd period - Wrist shot by Ilya Mikheyev.
10:15 of 2nd period - Stopped by Zachary Fucale with a rebound.
10:24 of 2nd period - Icing by Ilya Mikheyev.
10:25 of 2nd period - Jordan LaVallee wins face-off versus Calle Jarnkrok in Little Stars zone.
10:25 of 2nd period - Jordan LaVallee is hit by Reid McNeill.
10:32 of 2nd period - Icing by Jake Dotchin.
10:33 of 2nd period - Calle Jarnkrok wins face-off versus Henrik Borgstrom in Phantoms zone.
10:46 of 2nd period - Snap shot by Henrik Borgstrom.
10:46 of 2nd period - Shot Blocked by Reid McNeill.
10:48 of 2nd period - Snap shot by Adam Tambellini.
10:48 of 2nd period - Stopped by Zachary Fucale with a rebound.
10:59 of 2nd period - Off-side.
11:00 of 2nd period - Sven Andrighetto wins face-off versus Jordan LaVallee in neutral zone.
11:15 of 2nd period - Wrist shot by Jordan LaVallee.
11:15 of 2nd period - Shot Misses the Net.
11:27 of 2nd period - Travis Konecny is hit by Henrik Borgstrom and loses puck.
12:35 of 2nd period - Snap shot by Sebastian Wannstrom.
12:35 of 2nd period - Shot Misses the Net.
13:53 of 2nd period - Snap shot by Cristoval Nieves.
13:53 of 2nd period - Shot Misses the Net.
14:11 of 2nd period - Slapshot by Roman Horak.
14:11 of 2nd period - Stopped by Zachary Fucale with a rebound.
14:13 of 2nd period - Wrist shot by Matt Luff.
14:13 of 2nd period - Shot Misses the Net.
14:15 of 2nd period - Slapshot by Roman Horak.
14:15 of 2nd period - Stopped by Zachary Fucale with a rebound.
14:17 of 2nd period - Wrist shot by Matt Luff.
14:17 of 2nd period - Goal by Matt Luff - Little Stars : 3 - Phantoms : 0.
14:18 of 2nd period - Calle Jarnkrok wins face-off versus Daniel O'regan in neutral zone.
14:20 of 2nd period - Off-side.
14:21 of 2nd period - Calle Jarnkrok wins face-off versus Jordan LaVallee in neutral zone.
14:26 of 2nd period - Snap shot by Travis Konecny.
14:26 of 2nd period - Shot Misses the Net.
14:44 of 2nd period - Icing by Travis Konecny.
14:45 of 2nd period - Henrik Borgstrom wins face-off versus Calle Jarnkrok in Phantoms zone.
14:48 of 2nd period - Slapshot by Adam Tambellini.
14:48 of 2nd period - Stopped by Zachary Fucale without a rebound.
14:49 of 2nd period - Henrik Borgstrom wins face-off versus Michael Bournival in Phantoms zone.
14:54 of 2nd period - Snap shot by Sebastian Wannstrom.
14:54 of 2nd period - Stopped by Zachary Fucale without a rebound.
14:55 of 2nd period - Calle Jarnkrok wins face-off versus Henrik Borgstrom in Phantoms zone.
14:55 of 2nd period - Calle Jarnkrok is hit by Sebastian Wannstrom.
14:58 of 2nd period - Minor Penalty to Jake Dotchin for Tripping.
14:59 of 2nd period - Ilya Mikheyev wins face-off versus Calle Jarnkrok in Phantoms zone.
15:25 of 2nd period - Calle Jarnkrok is hit by Henrik Borgstrom.
16:58 of 2nd period - Penalty to Jake Dotchin is over, Jake Dotchin is back on ice.
17:02 of 2nd period - Off-side.
17:03 of 2nd period - Nick Shore wins face-off versus Jason Dickinson in neutral zone.
17:29 of 2nd period - Morgan Klimchuk is hit by Frederic Allard and loses puck.
17:36 of 2nd period - Snap shot by Michael Mersch.
17:36 of 2nd period - Stopped by Zachary Fucale without a rebound.
17:37 of 2nd period - Henrik Borgstrom wins face-off versus Calle Jarnkrok in Phantoms zone.
17:52 of 2nd period - Wrist shot by Henrik Borgstrom.
17:52 of 2nd period - Shot Misses the Net.
17:54 of 2nd period - Minor Penalty to Reid McNeill for Cross-checking.
17:55 of 2nd period - Calle Jarnkrok wins face-off versus Daniel O'regan in Phantoms zone.
18:01 of 2nd period - Snap shot by Jordan LaVallee.
18:01 of 2nd period - Deflect By Daniel O'regan.
18:01 of 2nd period - Goal by Daniel O'regan - Little Stars : 4 - Phantoms : 0.
18:02 of 2nd period - Calle Jarnkrok wins face-off versus Ilya Mikheyev in neutral zone.
18:14 of 2nd period - Snap shot by Daniel O'regan.
18:14 of 2nd period - Shot Misses the Net.
18:16 of 2nd period - Snap shot by Eric Knodel.
18:16 of 2nd period - Shot Blocked by Jake Dotchin.
18:18 of 2nd period - Slapshot by Anton Cederholm.
18:18 of 2nd period - Stopped by Zachary Fucale without a rebound.
18:19 of 2nd period - Nick Shore wins face-off versus Henrik Borgstrom in Phantoms zone.
18:55 of 2nd period - Slapshot by Sebastian Wannstrom.
18:55 of 2nd period - Stopped by Zachary Fucale with a rebound.
19:09 of 2nd period - Michael Bournival is hit by Sebastian Wannstrom and loses puck.
19:16 of 2nd period - Snap shot by Adam Tambellini.
19:16 of 2nd period - Shot Blocked by Michael Bournival.
19:18 of 2nd period - Snap shot by Henrik Borgstrom.
19:18 of 2nd period - Shot Misses the Net.
19:20 of 2nd period - Slapshot by Sebastian Wannstrom.
19:20 of 2nd period - Shot Misses the Net.
19:22 of 2nd period - Snap shot by Adam Tambellini.
19:22 of 2nd period - Stopped by Zachary Fucale with a rebound.
19:24 of 2nd period - Snap shot by Henrik Borgstrom.
19:24 of 2nd period - Goal by Henrik Borgstrom - Little Stars : 5 - Phantoms : 0.
19:25 of 2nd period - Calle Jarnkrok wins face-off versus Daniel O'regan in neutral zone.
19:32 of 2nd period - Slapshot by Travis Konecny.
19:32 of 2nd period - Stopped by Connor Knapp with a rebound.
Goals for this period are 3 for Little Stars vs 0 for Phantoms.
Shots for this period are 18 for Little Stars vs 5 for Phantoms.
3rd period
0:01 of 3rd period - Daniel O'regan wins face-off versus Calle Jarnkrok in neutral zone.
0:06 of 3rd period - Snap shot by Jordan LaVallee.
0:06 of 3rd period - Stopped by Zachary Fucale without a rebound.
0:07 of 3rd period - Daniel O'regan wins face-off versus Michael Bournival in Phantoms zone.
0:08 of 3rd period - Snap shot by Ilya Mikheyev.
0:08 of 3rd period - Stopped by Zachary Fucale with a rebound.
0:10 of 3rd period - Slapshot by Eric Knodel.
0:10 of 3rd period - Deflect By Daniel O'regan.
0:10 of 3rd period - Stopped by Zachary Fucale with a rebound.
0:22 of 3rd period - Snap shot by Jordan LaVallee.
0:22 of 3rd period - Shot Blocked by Calle Jarnkrok.
0:42 of 3rd period - Wrist shot by Sven Andrighetto.
0:42 of 3rd period - Stopped by Connor Knapp without a rebound.
0:43 of 3rd period - Calle Jarnkrok wins face-off versus Daniel O'regan in Little Stars zone.
0:58 of 3rd period - Wrist shot by Travis Konecny.
0:58 of 3rd period - Deflect By Calle Jarnkrok.
0:58 of 3rd period - Shot Blocked by Daniel O'regan.
0:58 of 3rd period - Puck is out of play.
0:59 of 3rd period - Henrik Borgstrom wins face-off versus Nick Shore in Little Stars zone.
1:14 of 3rd period - Slapshot by Nick Shore.
1:14 of 3rd period - Stopped by Connor Knapp with a rebound.
1:31 of 3rd period - Cristoval Nieves is hit by Sebastian Wannstrom and loses puck.
2:05 of 3rd period - Minor Penalty to Reid McNeill for Unsportsmanlike conduct.
2:06 of 3rd period - Daniel O'regan wins face-off versus Calle Jarnkrok in Phantoms zone.
2:08 of 3rd period - Slapshot by Jordan LaVallee.
2:08 of 3rd period - Shot Misses the Net.
2:10 of 3rd period - Wrist shot by Daniel O'regan.
2:10 of 3rd period - Deflect By Jordan LaVallee.
2:10 of 3rd period - Shot Blocked by Ivan Provorov.
2:10 of 3rd period - Ivan Provorov from Phantoms is injured at 2:10 of 3rd period (Left Knee).
2:11 of 3rd period - Calle Jarnkrok wins face-off versus Daniel O'regan in Phantoms zone.
3:12 of 3rd period - Daniel O'regan is hit by Laurent Dauphin and loses puck.
4:05 of 3rd period - Penalty to Reid McNeill is over, Reid McNeill is back on ice.
5:12 of 3rd period - Calle Jarnkrok is hit by Matt Luff and loses puck.
5:32 of 3rd period - Wrist shot by Morgan Klimchuk.
5:32 of 3rd period - Shot Misses the Net.
6:28 of 3rd period - Michael Mersch is hit by Brenden Kichton and loses puck.
6:43 of 3rd period - Reid McNeill is hit by Henrik Borgstrom and loses puck.
7:08 of 3rd period - Morgan Klimchuk is hit by Daniil Tarasov and loses puck.
7:44 of 3rd period - Anton Cederholm is hit by Nick Shore and loses puck.
7:45 of 3rd period - Anton Cederholm from Little Stars is injured at 7:45 of 3rd period (Left Hip).
7:46 of 3rd period - Calle Jarnkrok wins face-off versus Daniel O'regan in Little Stars zone.
7:47 of 3rd period - Snap shot by Travis Konecny.
7:47 of 3rd period - Stopped by Connor Knapp with a rebound.
7:49 of 3rd period - Slapshot by Reid McNeill.
7:49 of 3rd period - Shot Blocked by Eric Knodel.
7:51 of 3rd period - Slapshot by Reid McNeill.
7:51 of 3rd period - Shot Misses the Net.
7:53 of 3rd period - Snap shot by Travis Konecny.
7:53 of 3rd period - Shot Misses the Net.
7:55 of 3rd period - Snap shot by Reid McNeill.
7:55 of 3rd period - Stopped by Connor Knapp without a rebound.
7:56 of 3rd period - Michael Bournival wins face-off versus Daniel O'regan in Little Stars zone.
7:59 of 3rd period - Snap shot by Calle Jarnkrok.
7:59 of 3rd period - Deflect By Michael Bournival.
7:59 of 3rd period - Stopped by Connor Knapp without a rebound.
8:00 of 3rd period - Calle Jarnkrok wins face-off versus Daniel O'regan in Little Stars zone.
8:01 of 3rd period - Snap shot by Michael Bournival.
8:01 of 3rd period - Stopped by Connor Knapp with a rebound.
8:03 of 3rd period - Slapshot by Reid McNeill.
8:03 of 3rd period - Stopped by Connor Knapp with a rebound.
8:05 of 3rd period - Wrist shot by Calle Jarnkrok.
8:05 of 3rd period - Goal by Calle Jarnkrok - Little Stars : 5 - Phantoms : 1.
8:06 of 3rd period - Daniel O'regan wins face-off versus Calle Jarnkrok in neutral zone.
8:28 of 3rd period - Tucker Poolman is hit by Calle Jarnkrok and loses puck.
9:42 of 3rd period - Backhand shot by Ilya Mikheyev.
9:42 of 3rd period - Shot Misses the Net.
9:44 of 3rd period - Snap shot by Ilya Mikheyev.
9:44 of 3rd period - Stopped by Zachary Fucale with a rebound.
9:58 of 3rd period - Snap shot by Jordan LaVallee.
9:58 of 3rd period - Deflect By Ilya Mikheyev.
9:58 of 3rd period - Shot Misses the Net.
9:58 of 3rd period - Puck is out of play.
9:59 of 3rd period - Calle Jarnkrok wins face-off versus Henrik Borgstrom in Phantoms zone.
9:59 of 3rd period - Calle Jarnkrok is hit by Ville Pokka.
10:09 of 3rd period - Snap shot by Sebastian Wannstrom.
10:09 of 3rd period - Shot Misses the Net.
10:27 of 3rd period - Snap shot by Jason Dickinson.
10:27 of 3rd period - Stopped by Zachary Fucale with a rebound.
10:29 of 3rd period - Wrist shot by Daniil Tarasov.
10:29 of 3rd period - Stopped by Zachary Fucale without a rebound.
10:30 of 3rd period - Alex DeBrincat wins face-off versus Jason Dickinson in Phantoms zone.
10:43 of 3rd period - Snap shot by Alex DeBrincat.
10:43 of 3rd period - Stopped by Connor Knapp with a rebound.
10:59 of 3rd period - Snap shot by Henrik Borgstrom.
10:59 of 3rd period - Stopped by Zachary Fucale without a rebound.
11:00 of 3rd period - Calle Jarnkrok wins face-off versus Henrik Borgstrom in Phantoms zone.
11:18 of 3rd period - Travis Konecny is hit by Henrik Borgstrom and loses puck.
11:35 of 3rd period - Snap shot by Daniil Tarasov.
11:35 of 3rd period - Shot Misses the Net.
13:07 of 3rd period - Off-side.
13:08 of 3rd period - Roman Horak wins face-off versus Cristoval Nieves in neutral zone.
13:23 of 3rd period - Snap shot by Morgan Klimchuk.
13:23 of 3rd period - Stopped by Connor Knapp without a rebound.
13:24 of 3rd period - Daniel O'regan wins face-off versus Nick Shore in Little Stars zone.
13:37 of 3rd period - Wrist shot by Daniel O'regan.
13:37 of 3rd period - Shot Misses the Net.
14:00 of 3rd period - Snap shot by Morgan Klimchuk.
14:00 of 3rd period - Shot Misses the Net.
14:02 of 3rd period - Wrist shot by Cristoval Nieves.
14:02 of 3rd period - Shot Misses the Net.
14:32 of 3rd period - Icing by Nick Shore.
14:33 of 3rd period - Daniel O'regan wins face-off versus Sven Andrighetto in Phantoms zone.
15:15 of 3rd period - Henrik Borgstrom is hit by Devon Teows and loses puck.
15:22 of 3rd period - Snap shot by Erik Nystrom.
15:22 of 3rd period - Stopped by Connor Knapp without a rebound.
15:23 of 3rd period - Calle Jarnkrok wins face-off versus Daniel O'regan in Little Stars zone.
15:56 of 3rd period - Wrist shot by Travis Konecny.
15:56 of 3rd period - Shot Misses the Net.
16:02 of 3rd period - Reid McNeill is hit by Matt Luff.
16:10 of 3rd period - Slapshot by Reid McNeill.
16:10 of 3rd period - Stopped by Connor Knapp without a rebound.
16:11 of 3rd period - Henrik Borgstrom wins face-off versus Nick Shore in Little Stars zone.
16:19 of 3rd period - Alex DeBrincat and Sebastian Wannstrom fight to a draw.
16:19 of 3rd period - Penalty to Alex DeBrincat for Fighting.
16:19 of 3rd period - Penalty to Sebastian Wannstrom for Fighting.
16:19 of 3rd period - Penalty to Alex DeBrincat for instigated a fight.
16:19 of 3rd period - Penalty to Alex DeBrincat for instigated a fight.
16:20 of 3rd period - Calle Jarnkrok wins face-off versus Ilya Mikheyev in Little Stars zone.
18:19 of 3rd period - Penalty to Alex DeBrincat is over, Laurent Dauphin is send on ice.
18:46 of 3rd period - Icing by Devon Teows.
18:47 of 3rd period - Jason Dickinson wins face-off versus David Kampf in Phantoms zone.
18:48 of 3rd period - Backhand shot by Joakim Nygard.
18:48 of 3rd period - Shot Misses the Net.
18:57 of 3rd period - Slapshot by Daniil Tarasov.
18:57 of 3rd period - Deflect By Calle Jarnkrok.
18:57 of 3rd period - Stopped by Zachary Fucale without a rebound.
18:58 of 3rd period - Calle Jarnkrok wins face-off versus Daniel O'regan in Phantoms zone.
19:03 of 3rd period - Daniel O'regan is hit by Travis Konecny and loses puck.
19:14 of 3rd period - Slapshot by Daniel O'regan.
19:14 of 3rd period - Stopped by Zachary Fucale with a rebound.
19:30 of 3rd period - Michael Bournival is hit by Daniil Tarasov and loses puck.
19:55 of 3rd period - Slapshot by Mikko Lehtonen.
19:55 of 3rd period - Stopped by Connor Knapp with a rebound.
19:57 of 3rd period - Slapshot by Nick Shore.
19:57 of 3rd period - Shot Misses the Net.
Goals for this period are 0 for Little Stars vs 1 for Phantoms.
Shots for this period are 9 for Little Stars vs 13 for Phantoms.